AoeStats
← zack

Arena

505223566Analyzed
4v4 RM · 2mo ago on Sep 8, 2026· 40m 50s· 8 players
Game mode
Random Map
Map size
Large (8 player)
Population
200
Speed
Normal
Resources
Standard
Victory
Conquest
Starting age
Dark Age
Ending age
Imperial Age
RankedLock teamsTeams togetherTeam positionsShared explorationLock speedFull tech treeHidden civsTurbo modeCheats
Victory
Defeat
🇨🇳 Persians · China
1122
+16
🇨🇳 Italians · China
1112
+17
🇨🇳 Bulgarians · China
1110
+17
🇯🇵 Byzantines · Japan
1106
+17
vs
🇦🇪 Malay · United Arab Emirates
1146
-18
🇧🇪 Ethiopians · Belgium
1128
-17
🇹🇼 Hindustanis · Taiwan
1120
-16
🇨🇳 Franks · China
1104
-16
一个有故事的ID
10:31 Feudal Age
11:52 Double-Bit Axe
12:37 Horse Collar
17:09 Castle Age
15:04 Gold Mining
16:11 Stone Mining
16:46 Loom
18:49 Stone Shaft Mining
18:30 Bow Saw
21:15 Wheelbarrow
21:59 Heavy Plow
23:48 Hand Cart
33:24 Imperial Age
31:30 Town Watch
31:41 Fletching
33:10 Ballistics
33:41 Bodkin Arrow
34:21 Bracer
34:55 Conscription
35:10 Elite Genoese Crossbowman
36:08 Padded Archer Armor
37:10 Chemistry
36:54 Leather Archer Armor
38:42 Ring Archer Armor
38:53 Bloodlines
zack
11:04 Feudal Age
11:47 Double-Bit Axe
16:16 Castle Age
14:35 Horse Collar
16:21 Forging
17:27 Bow Saw
17:31 Heavy Plow
20:37 Loom
23:11 Gold Mining
24:59 Wheelbarrow
25:08 Stone Mining
26:33 Forging
30:44 Imperial Age
28:58 Stone Shaft Mining
28:46 Scale Barding Armor
29:10 Bloodlines
29:04 Husbandry
30:09 Chain Barding Armor
30:54 Iron Casting
31:19 Gold Shaft Mining
31:35 Hand Cart
31:05 Town Watch
30:58 Cavalier
32:16 Conscription
32:09 Stirrups
34:07 Blast Furnace
34:36 Crop Rotation
34:48 Plate Barding Armor
35:50 Scale Mail Armor
37:23 Elite Konnik
Longlonglong
13:28 Feudal Age
17:07 Castle Age
15:48 Double-Bit Axe
15:45 Horse Collar
28:08 Stone Mining
30:21 Bow Saw
30:13 Heavy Plow
32:55 Imperial Age
32:35 Stone Shaft Mining
33:22 Gold Mining
33:41 Scale Barding Armor
33:46 Forging
33:13 Elite War Elephant
34:38 Wheelbarrow
35:04 Two-Man Saw
34:36 Crop Rotation
35:09 Chain Barding Armor
35:24 Iron Casting
35:42 Conscription
36:10 Plate Barding Armor
36:44 Gold Shaft Mining
37:23 Blast Furnace
VVs00
0:35 Loom
10:22 Feudal Age
15:28 Castle Age
14:03 Double-Bit Axe
15:05 Horse Collar
21:25 Wheelbarrow
21:17 Gold Mining
26:11 Imperial Age
23:52 Stone Mining
24:51 Forging
24:36 Treadmill Crane
26:16 Iron Casting
25:42 Scale Mail Armor
25:17 Pikeman
27:57 Chemistry
27:38 Chain Mail Armor
28:42 Plate Mail Armor
31:43 Fletching
32:25 Squires
33:15 Halberdier
35:23 Gold Shaft Mining
35:20 Bodkin Arrow
35:25 Padded Archer Armor
35:54 Arson
36:41 Bracer
36:56 Leather Archer Armor
39:09 Ring Archer Armor
38:45 Scale Barding Armor
38:46 Heavy Camel Rider
39:52 Husbandry
41:14 Chain Barding Armor
fom1106
10:52 Feudal Age
9:30 Loom
12:26 Wheelbarrow
11:36 Loom
11:39 Double-Bit Axe
11:36 Horse Collar
17:20 Castle Age
16:17 Gold Mining
17:04 Bloodlines
18:16 Bow Saw
23:18 Fervor
23:03 Stone Mining
24:41 Forging
24:38 Scale Barding Armor
25:47 Heavy Plow
28:02 Gold Shaft Mining
30:12 Imperial Age
27:41 Town Watch
28:14 Forging
29:32 Stone Shaft Mining
29:24 Chain Barding Armor
29:39 Hand Cart
30:44 Iron Casting
30:48 Redemption
30:56 Redemption
30:52 Heavy Camel Rider
32:09 Plate Barding Armor
32:35 Blast Furnace
33:13 Chemistry
32:05 Fletching
33:55 Bodkin Arrow
34:00 Padded Archer Armor
34:41 Bracer
Menatfarms
11:35 Feudal Age
16:00 Castle Age
14:23 Double-Bit Axe
14:34 Horse Collar
21:18 Scale Barding Armor
21:48 Forging
22:26 Husbandry
22:42 Bow Saw
22:59 Heavy Plow
24:36 Iron Casting
25:13 Wheelbarrow
26:15 Hand Cart
25:47 Town Watch
26:17 Fletching
30:00 Loom
30:19 Gold Mining
30:20 Stone Mining
34:33 Town Patrol
34:36 Padded Archer Armor
36:04 Bodkin Arrow
36:24 Leather Archer Armor
36:31 Ballistics
36:07 Murder Holes
36:56 Crossbowman
37:45 Thumb Ring
40:23 Imperial Age
39:00 Masonry
38:31 Treadmill Crane
39:10 Arbalester
40:12 Guilds
40:42 Crop Rotation
40:16 Bracer
LeeFvn
4:25 Loom
14:13 Feudal Age
20:20 Castle Age
22:22 Double-Bit Axe
26:01 Wheelbarrow
27:17 Hand Cart
27:32 Gold Mining
27:34 Stone Mining
30:53 Elite Skirmisher
31:37 Husbandry
35:20 Imperial Age
33:22 Bow Saw
34:11 Forging
35:32 Iron Casting
35:03 Scale Barding Armor
35:35 Gold Shaft Mining
36:38 Conscription
37:25 Blast Furnace
36:08 Cavalier
38:01 Chain Barding Armor
37:53 Chivalry
39:00 Fletching
39:14 Padded Archer Armor
38:38 Paladin
40:25 Plate Barding Armor
40:04 Fortified Wall
41:18 Bodkin Arrow
L'arlecchino
11:14 Feudal Age
12:05 Loom
12:27 Double-Bit Axe
15:02 Castle Age
13:16 Horse Collar
14:12 Town Watch
16:20 Bow Saw
18:42 Gold Mining
22:18 Fletching
22:48 Crossbowman
24:28 Bodkin Arrow
24:59 Heavy Plow
33:26 Imperial Age
31:34 Wheelbarrow
31:10 Padded Archer Armor
31:36 Stone Mining
32:21 Gold Shaft Mining
32:35 Thumb Ring
33:42 Arbalester
35:46 Two-Man Saw
37:33 Halberdier
38:14 Squires
Connection lost

Rejoining the realm…

Still unreachable

The connection could not be restored.

Session expired

The server has moved on; the page needs a fresh start.